 Dungeon Crawl Stone Soup version 0.28-a0-1213-g0243856f03 (webtiles) character file.

Game seed: 11159453101710983131

62 flotson the Ducker (level 3, 0/28 HPs)
             Began as a Demonspawn Gladiator on Dec 22, 2021.
             Slain by a rat (1 damage)
             ... on level 2 of the Dungeon.
             The game lasted 00:01:29 (1298 turns).

flotson the Ducker (Demonspawn Gladiator)           Turns: 1298, Time: 00:01:30

Health: 0/28       AC:  7    Str: 16    XL:     3   Next: 85%
Magic:  3/3        EV: 10    Int:  9    God:
Gold:   34         SH:  0    Dex: 14    Spells: 2/2 levels left

rFire   . . .      SeeInvis .   a - +0 war axe
rCold   . . .      Faith    .   (no shield)
rNeg    . . .      Spirit   .   e - +0 scale mail
rPois   .          Reflect  .   c - +0 helmet
rElec   .          Harm     .   (no cloak)
rCorr   .          Rampage  .   (no gloves)
Will    .....                   (no boots)
Stlth   ..........              (no amulet)
HPRegen 0.09/turn               (no ring)
MPRegen 0.08/turn               (no ring)

@: lethally poisoned (0 -> -1)
A: demonic touch 1
a: no special abilities


You were on level 2 of the Dungeon.
You visited 1 branch of the dungeon, and saw 2 of its levels.

You collected 34 gold pieces.

Inventory:

Hand Weapons
 a - a +0 war axe (weapon)
Missiles
 d - 3 throwing nets (quivered)
Armour
 c - a +0 helmet (worn)
 e - a +0 scale mail (worn)
Scrolls
 g - a scroll of acquirement {unknown}
 h - a scroll of enchant armour {unknown}


   Skills:
 + Level 2.6 Fighting
 - Level 2.6 Axes
 + Level 2.4 Throwing
 + Level 1.3 Armour
 + Level 3.2 Dodging


You had 2 spell levels left.
You didn't know any spells.
Your spell library contained the following spells:

 Spells                   Type           Power      Damage    Failure   Level
 Corpse Rot               Necr/Air       0%         N/A       92%         2
 Ensorcelled Hibernation  Hex/Ice        0%         N/A       92%         2
 Spider Form              Tmut/Pois      0%         N/A       99%         3
 Dispel Undead            Necr           0%         3d6       100%        4
 Death Channel            Necr           0%         N/A       100%        6


Dungeon Overview and Level Annotations

Branches:
Dungeon (2/15)

Altars:


Innate Abilities, Weirdness & Mutations

Your touch may inflict minor irresistible damage on your foes.


Message History

The adder bites you but does no damage. x2
You closely miss the adder.
You feel sick. The adder bites you.
You are more poisoned.
The adder poisons you! The adder closely misses you.
You barely miss the adder. Your touch misses the adder.
You feel very sick. The adder bites you.
You barely miss the adder. Your touch misses the adder.
You feel sick. The adder closely misses you. The adder barely misses you.
You hit the adder.
The adder is lightly wounded.
You feel sick. The adder bites you. The adder misses you.
You are too injured to fight recklessly!
You are too injured to fight recklessly!
You are too injured to fight recklessly!
You are too injured to fight recklessly!
You are too injured to fight recklessly!
You slash the adder! Your touch misses the adder.
The adder is almost dead.
You feel sick. The adder barely misses you. The adder closely misses you.
You barely miss the adder.
The adder is almost dead.
You feel sick. The adder barely misses you.
You closely miss the adder.
The adder is almost dead.
You feel sick.
You are no longer poisoned.
The adder bites you but does no damage. The adder bites you.
* * * LOW HITPOINT WARNING * * *
You are lethally poisoned!
The adder poisons you!
You aren't carrying any potions.
You hit the adder.
You kill the adder!
* * * LOW HITPOINT WARNING * * *
You feel sick. The rat bites you but does no damage.
You completely miss the rat.
* * * LOW HITPOINT WARNING * * *
You feel sick. The rat bites you.
You die...

.......>......†.[.............#
#####<.)...#.################.##
##.###.#.# #..# #.#...#.# ##.##
######.#...#.# #..#
...........#.## ####### ##.#
######.#....... ....... #.#
######.#...#.#####....... #..
.......#.....#..@rg...... ##.
######.)....##.###....... #.
#.'......'..# ......) ##
#.#......#..# ###..## #
#.#.........# .# # #.#.######.##
# # #.#...# #.# ..###.# #.# ##
#.# #..


You could see a goblin and a rat.

Vanquished Creatures
  4 adders (D:2)
  A worm (D:2)
  A ball python (D:1)
  3 endoplasms (D:2)
  A hobgoblin (D:2)
  2 jackals (D:1)
  5 kobolds
  A quokka (D:2)
  6 frilled lizards
  2 goblins
26 creatures vanquished.

Vanquished Creatures (others)
  A plant (D:2)
1 creature vanquished.

Grand Total: 27 creatures vanquished

Notes
Turn   | Place    | Note
-------+----------+-------------------------------------------
     0 | D:1      | flotson the Demonspawn Gladiator began the quest for the
                  | Orb.
     0 | D:1      | Reached XP level 1. HP: 16/16 MP: 1/1
   398 | D:1      | Gained mutation: Your touch may inflict minor irresistible
                  | damage on your foes. [demonic ancestry]
   398 | D:1      | Reached XP level 2. HP: 16/22 MP: 2/2
   491 | D:1      | You fall into a shaft and drop 1 floor!
   612 | D:2      | Reached skill level 3 in Dodging
   799 | D:2      | HP: 1/34 [poisoned by an adder]
   802 | D:2      | Reached skill level 1 in Armour
   802 | D:2      | Reached XP level 3. HP: 10/28 MP: 3/3
  1298 | D:2      | HP: 1/28 [poisoned by an adder]
  1298 | D:2      | Slain by a rat

Illustrated notes

Levels and vault maps discovered:
D:1:      giann_horns, layout_basic
D:2:      cheibrodos_old_hovel, layout_basic, uniq_terence

Skill      XL: |  1  2 |
---------------+-------+-----
Throwing       | 2 |  2.4
Dodging        | 3 |  3.2
Armour         | 1 |  1.3
Fighting       | |  2.6
Axes           | |  2.6

Action                   || total
-------------------------++-------
Melee: War axe           ||    87
       Touch             ||     8
  Use: Potion            ||     2
Armor: Leather armour    ||    19
       Skin              ||     2
       Scale mail        ||    11
Dodge: Dodged            ||    63

Table legend: (Time is in decaauts)
 A = Elapsed time spent in this place.
 B = Non-inter-level travel time spent in this place.
 C = Inter-level travel time spent in this place.
 D = Time resting spent in this place.
 E = Time spent auto-exploring this place.
 F = Levels seen in this place.
 G = Mean time per level.
                   A        B        C        D        E       F      G
               +--------+--------+--------+--------+--------+-----+--------+
         Total |   1328 |   1328 |      0 |    233 |    871 |   2 |  664.0 |
       Dungeon |   1328 |   1328 |      0 |    233 |    871 |   2 |  664.0 |
               +--------+--------+--------+--------+--------+-----+--------+

Top non-repeatable levels by time:
     D:2: 828 daAuts
     D:1: 499 daAuts
